Cogmind - Beta 17 @@@ ROGUE MODE // 2026.07.23 @ 18:59:27 Player: winnking222 Result: Self-destructed Performance ------------- Evolutions (7) 3500 Regions Visited (15) 3000 Robots Destroyed (64) 320 Value Destroyed (2149) 2149 Prototype IDs (47) 940 Alien Tech Used (2) 400 Bonus (510) 510 TOTAL SCORE: 10819 Bonus ------- Follower Combat Kills 1942 Registered with UFD 300 Met Optimus in HQ 500 Met Zhirov 300 Built Enhanced Grunts 300 A7 Reached Mainframe 300 Friendly Fire -3132 Cogmind --------- Core Integrity 1022/1300 Matter 1/300 Energy 136/150 System Corruption 15% Temperature Cool (0) Movement Hovering (43) Location -3/Testing Parts ------- > --- POWER (2) -------- Micro Antimatter Reactor > --- PROPULSION (6) --- Improved Gyrokinetic Inverter Improved Linear Gravjet Cooled Antigrav System Combat Linear Gravjet > --- UTILITY (11) ----- Experimental Heat Sink Large Storage Unit Enhanced Optical Array Advanced Signal Interpreter Improved Transmission Jammer Advanced Reaction Control System Advanced Hacking Suite Advanced Hacking Suite Experimental System Shield > --- WEAPON (2) ------- Hypervelocity Gauss Cannon Powered Hammer > --- INVENTORY (15) --- Advanced Energy Well (500) Advanced Sensor Array Experimental Terrain Scan Processor Energy Filter Quantum Capacitor Graphene Brace Advanced Point Defense System Authchip [Weapon] Long-range Tractor Beam Improved Matter Neutralizer Tri-rail Accelerator Z-bomb Delivery System DRS Beacon (Ready) Peak State ------------ > --- POWER ------------ Light Particle Reactor Micro Antimatter Reactor > --- PROPULSION ------- Cooled Gravmag System Cooled Gravmag System Improved Gyrokinetic Inverter Improved Gyrokinetic Inverter Improved Gyrokinetic Inverter Combat Linear Gravjet > --- UTILITY ---------- Experimental Heat Sink Large Storage Unit Enhanced Optical Array Advanced Sensor Array Advanced Signal Interpreter Improved Transmission Jammer Advanced Reaction Control System Centrium Medium Armor Plating Advanced Hacking Suite Advanced Hacking Suite Amulet of Y3-NDR > --- WEAPON ----------- Tri-rail Accelerator > --- INVENTORY -------- Light Antimatter Reactor Antigrav System Cooled Gravmag System Advanced Energy Well Experimental Terrain Scan Processor Quantum Capacitor Graphene Brace Long-range Tractor Beam Transdimensional Reconstructor Improved Matter Neutralizer Hypervelocity Gauss Cannon Powered Hammer DRS Beacon [Rating: 149] Favorites ----------- Power Subdweller Power Source Engine Subdweller Power Source Power Core Enhanced Nuclear Core Reactor Light Antimatter Reactor Propulsion Cooled Gravmag System Treads Light Treads Leg Cargo Legs Hover Unit Cooled Gravmag System Utility Large Storage Unit Device Advanced Sensor Array Storage Large Storage Unit Processor Advanced Signal Interpreter Hackware Advanced Hacking Suite Protection Hardened Light Armor Plating Weapon Powered Hammer Energy Gun Subdweller Laser Energy Cannon Subdweller Beam Cannon Ballistic Gun Light Assault Rifle Ballistic Cannon Slug Cannon Launcher Mini Grenade Launcher Impact Weapon Powered Hammer Build | -11 -10 -10 -7 -5 -5 -5 -5 -4 -4 -4 -4 -4 -4 -3 -3 ------- Run | Yrd Mat Sub Scr Fac Upp Upp Zhi Pro Fac Was Fac Ext Cet Res Tes Slots Evolved 14 | . . . . 10 . . . . 2 . . . . 2 . Power 1 | . . . . . . . . . 1 . . . . . . Propulsion 4 | . . . . 3 . . . . 1 . . . . . . Utility 9 | . . . . 7 . . . . . . . . . 2 . Weapon . | . . . . . . . . . . . . . . . . Parts Attached 138 | 7 4 20 8 26 2 7 4 9 11 1 11 8 2 12 6 Power 16 | 1 . 3 1 1 . 1 1 1 2 . 1 1 . 2 1 Engine 5 | 1 . 3 1 . . . . . . . . . . . . Core 2 | . . . . 1 . . . . 1 . . . . . . Reactor 9 | . . . . . . 1 1 1 1 . 1 1 . 2 1 Propulsion 46 | 2 1 6 3 8 1 3 . 4 5 . 3 4 1 4 1 Treads 11 | 2 1 5 3 . . . . . . . . . . . . Leg 1 | . . 1 . . . . . . . . . . . . . Wheel . | . . . . . . . . . . . . . . . . Hover 34 | . . . . 8 1 3 . 4 5 . 3 4 1 4 1 Flight . | . . . . . . . . . . . . . . . . Utility 54 | 2 2 2 2 17 1 3 3 3 4 1 4 2 . 5 3 Device 25 | 1 . 1 1 9 1 1 . . 3 1 1 2 . 2 2 Storage 6 | 1 2 . 1 . . . 1 . 1 . . . . . . Processor 4 | . . . . 2 . . . . . . 1 . . 1 . Hackware 14 | . . 1 . 4 . 2 1 3 . . 2 . . . 1 Protection 5 | . . . . 2 . . 1 . . . . . . 2 . Artifact . | . . . . . . . . . . . . . . . . Weapon 22 | 2 1 9 2 . . . . 1 . . 3 1 1 1 1 Energy Gun 3 | . . 2 . . . . . 1 . . . . . . . Energy Cannon 4 | . . 2 . . . . . . . . 1 . . 1 . Ballistic Gun 7 | 2 . 4 . . . . . . . . . . 1 . . Ballistic Cannon 4 | . . 1 . . . . . . . . 2 1 . . . Launcher 3 | . 1 . 1 . . . . . . . . . . . 1 Special Weapon . | . . . . . . . . . . . . . . . . Impact Weapon 1 | . . . 1 . . . . . . . . . . . . Slashing Weapon . | . . . . . . . . . . . . . . . . Piercing Weapon . | . . . . . . . . . . . . . . . . Special Melee Weapon . | . . . . . . . . . . . . . . . . Unidentified Prototypes 19 | . . 1 . 3 . 1 4 . 2 . 1 . . 2 5 Parts Lost 23 | . . . . 2 . 1 . . 8 . 2 3 1 4 2 Power 5 | . . . . . . . . . 1 . . 1 . 2 1 Propulsion 5 | . . . . . . . . . 2 . . . 1 1 1 Utility 11 | . . . . 1 . 1 . . 4 . 2 2 . 1 . Weapon 2 | . . . . 1 . . . . 1 . . . . . . Highest Loss Streak 3 | . . . . 1 . 1 . . 3 . 2 2 1 2 2 To Critical Strikes . | . . . . . . . . . . . . . . . . Average Backups 12 | 5 10 14 12 9 11 12 13 13 13 13 12 11 12 12 11 Power . | . 1 . . . 1 1 2 2 1 . . . . . . Propulsion 3 | 3 4 4 2 3 4 4 3 3 1 2 2 3 3 1 . Utility 5 | . 2 3 6 4 5 6 6 7 8 9 8 5 6 6 7 Weapon 2 | 1 2 4 2 1 1 1 . . . . . 1 2 2 2 Tool/Special . | . . . . . . . . . . . . . . . . Unused Backups 32 | . 1 7 12 1 . 1 3 . . . 1 1 . . 5 Power 3 | . . 1 1 . . . 1 . . . . . . . . Propulsion 12 | . 1 4 4 1 . 1 1 . . . . . . . . Utility 11 | . . 1 3 . . . . . . . 1 1 . . 5 Weapon 5 | . . 1 3 . . . 1 . . . . . . . . Tool/Special 1 | . . . 1 . . . . . . . . . . . . Average Slot Usage (%) 93 | . 98 99 83 95 93 93 93 94 95 91 93 91 88 96 93 Engine 7 | . 13 13 12 3 . . . . . . . . . . . Reactor 2 | . . . . . . . 5 5 5 3 5 7 5 8 5 Treads 11 | . 26 27 14 . . . . . . . . . . . . Leg 1 | . . . 5 . . . . . . . . . . . . Hover 14 | . . . . 26 29 29 29 29 30 31 31 31 30 27 26 Device 14 | . 14 13 8 17 16 17 13 11 11 20 18 23 26 22 20 Storage 9 | . 14 13 12 4 5 5 5 5 5 5 5 5 5 4 4 Processor 3 | . . . . 9 11 10 5 5 5 5 5 5 5 9 9 Hackware 8 | . . . 5 14 17 17 23 23 19 15 15 10 10 9 11 Protection 1 | . . . . 2 . . 2 5 2 . . . . 3 1 Energy Gun 1 | . . 5 . . . . . . 2 . . . . . . Ballistic Gun 7 | . 27 18 3 . . . . . . . . . 1 . . Ballistic Cannon 2 | . . . 7 . . . . . . . 3 5 3 2 3 Launcher 1 | . . . 4 4 . . . . . . . . . . . Impact Weapon 3 | . . . 8 5 5 5 5 5 5 5 4 1 . 3 4 Peak Build Rating 149 | 7 8 35 39 76 81 92 95 101 118 119 126 124 124 149 148 Average Rating 58 | 5 7 13 27 65 80 84 90 93 108 116 116 118 119 142 136 On Entrance 76 | . 7 8 35 24 73 81 92 90 101 101 119 112 124 124 139 Avg Prop Armor Cover (%) . | . . . . . . . . . . . . . . . . Naked Turns . | . . . . . . . . . . . . . . . . Heaviest Build 72 | 13 28 38 41 42 36 38 42 46 52 53 71 67 53 72 66 Greatest Support 86 | 40 40 55 55 60 57 59 59 59 86 71 72 71 69 72 71 Greatest Overweight (x) 8 | . 8 . 1 . . . . . . . . . . 1 . Average Overweight (x) . | . . . . . . . . . . . . . . . . Largest Inventory Capacity 15 | 8 15 15 15 15 15 15 15 15 15 15 15 15 15 15 15 Average Capacity 14 | 7 13 15 15 13 15 15 15 15 15 15 15 15 15 15 15 Most Carried 15 | 7 15 15 15 15 15 15 15 15 15 15 15 15 15 15 15 Average Carried 13 | 5 11 14 14 11 13 14 14 14 14 14 14 13 14 14 14 Final Capacity 15 | 8 15 15 15 15 15 15 15 15 15 15 15 15 15 15 15 Final Carried 15 | 7 12 15 15 15 14 15 14 15 14 15 15 15 15 13 15 Class Distribution -------------------- 40% | Mutant 27% | Hacker-Mutant 13% | Hacker-Ninja 11% | Derelict-Mutant Dominant Class ---------------- Mutant | -10/Materials Mutant | -10/Subcaves Derelict-Mutant | -7/Scraptown Hacker-Ninja | -5/Factory Hacker-Ninja | -5/Upper Caves Hacker-Ninja | -5/Upper Caves Hacker-Mutant | -5/Zhirov Hacker-Mutant | -4/Proximity Caves Hacker-Mutant | -4/Factory Hacker-Mutant | -4/Waste Hacker-Mutant | -4/Factory Hacker-Mutant | -4/Extension Hacker-Mutant | -4/Cetus Hacker-Ninja | -3/Research Hacker-Ninja | -3/Testing Resources | -11 -10 -10 -7 -5 -5 -5 -5 -4 -4 -4 -4 -4 -4 -3 -3 ----------- Run | Yrd Mat Sub Scr Fac Upp Upp Zhi Pro Fac Was Fac Ext Cet Res Tes Matter Collected 3121 | 310 138 421 185 265 65 70 . 217 117 . 207 533 354 220 19 Remotely . | . . . . . . . . . . . . . . . . Salvage Created 2961 | 137 324 256 . 447 . . . 178 367 . 63 693 110 298 88 Parts 125 | 15 26 21 . 5 . . . 7 4 . 1 30 4 10 2 Haulers Intercepted 8 | . 1 . . 4 . . . . 1 . . . . 1 1 Recyclers Shooed 4 | 1 . . . . . . . . 1 . . 2 . . . Parts Field Recycled . | . . . . . . . . . . . . . . . . Retrieved Matter . | . . . . . . . . . . . . . . . . Parts Self-Destructed 40 | . . 23 . . . 3 . 14 . . . . . . . Prevented 19 | . . . . . . 11 . 8 . . . . . . . Parts Restored . | . . . . . . . . . . . . . . . . Kills | -11 -10 -10 -7 -5 -5 -5 -5 -4 -4 -4 -4 -4 -4 -3 -3 ------- Run | Yrd Mat Sub Scr Fac Upp Upp Zhi Pro Fac Was Fac Ext Cet Res Tes Combat Hostiles Destroyed 31 | . 6 8 . . . . . 5 1 . 1 7 1 2 . Melee 2 | . . . . . . . . 2 . . . . . . . Guns 10 | . 4 6 . . . . . . . . . . . . . Cannons 11 | . . 1 . . . . . . . . . 7 1 2 . AOE 3 | . 2 1 . . . . . . . . . . . . . Classes Destroyed 11 | 2 3 3 . . . . . 1 . . 1 1 . . . Worker 5 | . . . . . . . . . . . . 4 . 1 . Builder 1 | . . . . . . . . . . . 1 . . . . Tunneler 5 | 4 1 . . . . . . . . . . . . . . Hauler 8 | . 1 . . 4 . . . . 1 . . . . 1 1 Recycler 5 | 1 . . . . . . . . 1 . . 2 . 1 . Watcher 6 | . 1 . . 1 . . . . 2 . 1 . 1 . . Swarmer 11 | . . 4 . . . . . 3 . . 1 1 . 2 . Grunt 10 | . 6 . . . . . . . 1 . . 3 . . . Sentry 4 | . . 1 . . . . . . . . . 3 . . . Programmer 2 | . . . . . . . . 2 . . . . . . . Cetus Guard 1 | . . . . . . . . . . . . . 1 . . Subdweller 5 | . . 5 . . . . . . . . . . . . . Best Kill Streak 4 | 2 4 3 . 1 . . . 3 3 . 1 3 1 2 1 Combat Bots Only 3 | . 2 3 . . . . . 3 1 . 1 2 1 2 . Max Kills in Single Turn 2 | 1 2 1 . 1 . . . 1 1 . 1 2 1 1 1 Gunslinging . | . . . . . . . . . . . . . . . . Exploded 2 | . 2 1 . . . . . . . . . . . . . Melee 1 | . . . . . . . . 1 . . . . . . . Uniques/NPCs Destroyed 1 | . . . . . . . . . . . . . 1 . . A7 (-4/Cetus) Combat | -11 -10 -10 -7 -5 -5 -5 -5 -4 -4 -4 -4 -4 -4 -3 -3 -------- Run | Yrd Mat Sub Scr Fac Upp Upp Zhi Pro Fac Was Fac Ext Cet Res Tes Hostile Shots Fired 456 | . 14 49 . 32 . 12 . 31 89 . 8 69 4 83 65 Missed 208 | . 3 13 . 16 . 3 . 12 47 . 3 37 2 37 35 Hits 248 | . 11 36 . 16 . 9 . 19 42 . 5 32 2 46 30 Melee 1 | . . . . . . . . . . . . . . . 1 Projectile 247 | . 11 36 . 16 . 9 . 19 42 . 5 32 2 46 29 AOE 1 | . . . . . . . . . 1 . . . . . . Critical Strikes 9 | . . 2 . . . . . . 4 . . . . 3 . Actively Blocked 4 | . . . . . . . . . 1 . . . . 3 . Damage Taken 5053 | . 132 493 . 362 . 119 . 487 944 . 227 738 69 1107 375 Core 803 | . 11 166 . 32 . . . 86 191 . 12 113 . 119 73 Absorbed by Shields 353 | . . . . . . . . . . . . 312 41 . . Redirected to Shielding 63 | . . . . . . . . . 63 . . . . . . Regen/Repaired (Parts) 309 | . . . . . . . . . . . 309 . . . . Core Remaining (%) 72 | 100 . . 29 . . . . 88 . . . . 72 . . Volleys Fired 288 | 20 26 83 . 2 . . . 1 . . . 60 79 13 4 Largest 2 | 2 2 2 . 1 . . . 1 . . . 1 1 1 1 Hottest 140 | 40 40 140 . 30 . . . 60 . . . 60 60 113 113 Shots Fired 377 | 40 49 127 . 2 . . . 1 . . . 60 79 15 4 Gun 250 | 40 46 95 . . . . . 1 . . . . 68 . . Cannon 115 | . . 25 . . . . . . . . . 60 11 15 4 Launcher 12 | . 3 7 . 2 . . . . . . . . . . . Special . | . . . . . . . . . . . . . . . . Kinetic 301 | 40 46 63 . . . . . . . . . 60 79 10 3 Thermal 63 | . . 57 . . . . . . . . . . . 5 1 Explosive 12 | . 3 7 . 2 . . . . . . . . . . . Electromagnetic 1 | . . . . . . . . 1 . . . . . . . Robot Hit Streak 13 | 10 13 7 . . . . . . . . . 12 9 4 1 Robot Miss Streak 7 | 2 2 3 . . . . . 2 . . . 7 4 2 1 Penetration Max 1 | . . . . . . . . . . . . 1 . 1 . Secondary Targets 2 | . . 2 . . . . . . . . . . . . . Max Gunslinging Chain 1 | . . 1 . . . . . . . . . . . . . Shots Hit Robots 256 | 26 31 32 . 7 . 3 . 21 10 . 5 56 54 9 2 Core Hits 105 | 10 19 14 . 2 . 1 . 2 2 . . 31 18 6 . Critical Kills 9 | . 1 . . 1 . . . 1 . . . 4 . 2 . Critical Parts Destroyed 20 | 1 . . . 1 . . . 4 1 . 1 8 1 3 . Critical Strikes 31 | 1 1 1 . 2 . . . 5 1 . 1 13 1 5 . Destroy 21 | 1 1 1 . . . . . . . . . 12 1 5 . Smash 10 | . . . . 2 . . . 5 1 . 1 1 . . . Melee Attacks 154 | . . . . 30 6 6 . 33 16 . 17 7 . 34 5 Impact 154 | . . . . 30 6 6 . 33 16 . 17 7 . 34 5 Slashing . | . . . . . . . . . . . . . . . . Piercing . | . . . . . . . . . . . . . . . . Sneak Attacks 12 | . . . . 4 . . . 1 3 . 1 1 . 1 1 Combat Hostiles 2 | . . . . . . . . 1 . . . 1 . . . Follow-up Attacks . | . . . . . . . . . . . . . . . . Damage Inflicted 8707 | 202 427 696 . 522 . 129 . 1181 624 . 285 2872 1276 392 101 Guns 1315 | 202 244 231 . . . . . . . . . . 638 . . Cannons 3903 | . . 352 . . . . . . . . . 2647 638 246 20 Explosions 279 | . 166 113 . . . . . . . . . . . . . Melee 3193 | . . . . 522 . 129 . 1181 624 . 285 225 . 146 81 Ramming 17 | . 17 . . . . . . . . . . . . . . Kinetic 5047 | 202 244 492 . . . . . . . . . 2647 1276 166 20 Thermal 171 | . . 91 . . . . . . . . . . . 80 . Explosive 279 | . 166 113 . . . . . . . . . . . . . Electromagnetic . | . . . . . . . . . . . . . . . . Impact 3193 | . . . . 522 . 129 . 1181 624 . 285 225 . 146 81 Slashing . | . . . . . . . . . . . . . . . . Piercing . | . . . . . . . . . . . . . . . . Highest Corruption 15 | . . . . 3 1 . . 2 2 1 1 2 2 15 15 Average Corruption 2 | . . . . 1 1 . . 1 1 1 1 1 2 12 15 Corruption Purged 5 | . . . . 3 1 . . . 1 . . . . . . Corruption Blocked . | . . . . . . . . . . . . . . . . Effects 70 | . . . . 2 . . . 14 2 2 8 8 8 18 8 Message Errors 15 | . . . . . . . . 1 1 1 3 3 2 2 2 Matter Fused 19 | . . . . . . . . 4 . . 2 2 1 8 2 Heat Flow Errors 8 | . . . . 1 . . . 2 . 1 . 1 1 2 . Energy Discharges 11 | . . . . 1 . . . 4 . . 1 2 1 1 1 Parts Rejected 3 | . . . . . . . . . 1 . . . . 1 1 Data Loss (minor) 6 | . . . . . . . . 2 . . 2 . . 1 1 Data Loss (major) 3 | . . . . . . . . 1 . . . . . 1 1 Misfires 3 | . . . . . . . . . . . . . 1 2 . Alerts 1 | . . . . . . . . . . . . . 1 . . Weapon Failures 1 | . . . . . . . . . . . . . 1 . . Overload Shots . | . . . . . . . . . . . . . . . . Overflow Damage 1017 | . . . . 192 . . . 340 154 . 154 108 . 8 61 Projectiles 26 | . . . . . . . . . . . . 18 . 8 . Explosions . | . . . . . . . . . . . . . . . . Melee 991 | . . . . 192 . . . 340 154 . 154 90 . . 61 Knockbacks 25 | . . 4 . . . . . 3 1 . 2 11 1 2 1 Impact 6 | . . . . . . . . 3 1 . 2 . . . . Kinetic 17 | . . 4 . . . . . . . . . 9 1 2 1 Secondary 2 | . . . . . . . . . . . . 2 . . . Self-Inflicted Damage 9 | . . 9 . . . . . . . . . . . . . Shots 1 | . . 1 . . . . . . . . . . . . . Rammed 2 | . 2 . . . . . . . . . . . . . . Targets Rammed 2 | . 2 . . . . . . . . . . . . . . Kicked . | . . . . . . . . . . . . . . . . Crushed . | . . . . . . . . . . . . . . . . Highest Temperature 409 | . 12 30 . 92 . . . 232 32 233 2 249 133 409 22 Average Temperature 53 | . 6 7 . 27 . . . 82 10 129 1 28 52 92 13 Received Heat Transfer 627 | . 72 75 . 90 . 12 . 21 105 . 24 75 . 114 39 Effects 10 | . . . . . . . . . . 3 . . . 7 . Interference 9 | . . . . . . . . . . 3 . . . 6 . Damage (minor) 1 | . . . . . . . . . . . . . . 1 . Siege Activations . | . . . . . . . . . . . . . . . . Martial Activations . | . . . . . . . . . . . . . . . . Shielding Activations . | . . . . . . . . . . . . . . . . Robots Disrupted . | . . . . . . . . . . . . . . . . Combat Hostiles . | . . . . . . . . . . . . . . . . Robots Corrupted 10 | . . . . 3 . . . 3 2 . 2 . . . . Combat Hostiles 5 | . . . . . . . . 3 1 . 1 . . . . Parts Fried 12 | . . . . 3 . . . 1 4 . 2 1 . . 1 Impact Corruptions 31 | . . . . 7 . . . 13 4 . 5 1 . . 1 Robots Melted . | . . . . . . . . . . . . . . . . Combat Hostiles . | . . . . . . . . . . . . . . . . Parts Melted . | . . . . . . . . . . . . . . . . Heat Transferred 198 | . . 124 . . . . . . . . . . . 74 . Parts Sabotaged 2 | . . . . . . . . . . . . . . . 2 Parts Stolen . | . . . . . . . . . . . . . . . . Parts Stripped . | . . . . . . . . . . . . . . . . Power Chain Reactions . | . . . . . . . . . . . . . . . . Alert | -11 -10 -10 -7 -5 -5 -5 -5 -4 -4 -4 -4 -4 -4 -3 -3 ------- Run | Yrd Mat Sub Scr Fac Upp Upp Zhi Pro Fac Was Fac Ext Cet Res Tes Maximum Alert Level 2 | . . . . 1 . . . . 1 . 1 1 . 2 2 Low Security (%) 78 | 100 100 . . 98 . . . . 49 100 98 67 100 30 . Level 1 11 | . . . . 1 . . . . 50 . 1 32 . 21 16 Level 2 9 | . . . . . . . . . . . . . . 48 83 Level 3 . | . . . . . . . . . . . . . . . . Level 4 . | . . . . . . . . . . . . . . . . Level 5 . | . . . . . . . . . . . . . . . . High Security . | . . . . . . . . . . . . . . . . Max Security . | . . . . . . . . . . . . . . . . Peak Influence 589 | 10 77 . . 237 . . . . 354 108 206 303 142 589 509 Initial 326 | . . . . . . . . . 46 108 40 74 142 . 326 Average 123 | 1 15 . . 40 . . . . 162 84 90 178 53 319 438 Influence Increases 5184 | 25 225 192 . 569 . 245 . 465 603 . 634 675 123 1145 283 Destroy 0b10 Robot/C 1900 | . 120 160 . . . 140 . 240 200 . 180 360 80 420 . Destroy 0b10 Robot/NC 190 | 25 15 . . 25 . . . . 35 . 20 45 5 15 5 Destroy Leader 342 | . 44 20 . 10 . 30 . 40 46 . 34 34 . 82 2 Allied During Kill 499 | . . 12 . 1 . 60 . 80 57 . 58 162 24 45 . Successful Hack 148 | . 8 . . 10 . . . . 12 . 39 3 6 70 . Disable Machine 240 | . 15 . . 15 . . . . 15 . 90 15 . 75 15 Anti-Garrison Action 300 | . . . . 150 . . . . . . . . . . 150 Destroy Structure 410 | . 8 . . 58 . . . . 58 . 138 26 8 108 6 Partial Spotted 195 | . . . . 30 . . . . 15 . 30 30 . 75 15 Lose Combat Pursuer 960 | . 15 . . 270 . 15 . 105 165 . 45 . . 255 90 Influence Decreases 4685 | 25 210 111 96 338 231 94 151 390 367 253 540 572 378 564 365 Entered New Map 1038 | . . 8 96 . 87 . 151 . 29 203 18 78 113 . 255 Time Decay 2452 | 25 210 103 . 258 144 64 . 295 198 50 252 294 175 304 80 Lost Part 230 | . . . . 20 . 10 . . 80 . 20 30 10 40 20 Lost Ally 665 | . . . . 60 . 20 . 95 60 . 100 20 80 220 10 Purge Threat 300 | . . . . . . . . . . . 150 150 . . . Squads Dispatched 52 | . 3 . . 18 . . . . 6 . 8 . . 13 4 Investigation 28 | . 1 . . 10 . . . . 4 . 5 . . 7 1 Extermination 6 | . . . . 2 . . . . . . 2 . . 2 . Reinforcement 14 | . 2 . . 4 . . . . 2 . 1 . . 4 1 Assault 4 | . . . . 2 . . . . . . . . . . 2 Garrison . | . . . . . . . . . . . . . . . . Intercept . | . . . . . . . . . . . . . . . . Searches Triggered . | . . . . . . . . . . . . . . . . Construction Impeded 1 | . . . . . . . . . . . . . . 1 . Haulers Reinforced 4 | . . . . 1 . . . . 1 . 1 . . 1 . Active Scanning Responses . | . . . . . . . . . . . . . . . . Cargo Convoy Interrupts . | . . . . . . . . . . . . . . . . Stealth | -11 -10 -10 -7 -5 -5 -5 -5 -4 -4 -4 -4 -4 -4 -3 -3 --------- Run | Yrd Mat Sub Scr Fac Upp Upp Zhi Pro Fac Was Fac Ext Cet Res Tes Distress Signals 16 | . 3 . . 2 . . . . 5 . 2 1 1 1 1 Communications Jammed 55 | . . . . 2 . . . . 14 . 1 6 . 12 20 Distress Signals 42 | . . . . 2 . . . . 1 . 1 6 . 12 20 Times Spotted 220 | . 13 17 . 25 . 7 . 15 37 6 12 20 5 34 29 Peak Tracking Total 20 | . 3 3 . 9 . 4 . 5 20 6 4 5 5 14 16 Tactical Retreats 31 | . 1 . . 8 . 1 . 5 5 . 2 . . 7 2 Traps | -11 -10 -10 -7 -5 -5 -5 -5 -4 -4 -4 -4 -4 -4 -3 -3 ------- Run | Yrd Mat Sub Scr Fac Upp Upp Zhi Pro Fac Was Fac Ext Cet Res Tes Traps Triggered 20 | . 5 1 . 4 . . . . 2 . 1 1 . 6 . Indirectly . | . . . . . . . . . . . . . . . . Trap Hack Attempts . | . . . . . . . . . . . . . . . . Triggered . | . . . . . . . . . . . . . . . . Disarmed . | . . . . . . . . . . . . . . . . Reprogrammed . | . . . . . . . . . . . . . . . . Reused . | . . . . . . . . . . . . . . . . Traps Extracted . | . . . . . . . . . . . . . . . . Installed . | . . . . . . . . . . . . . . . . Triggered . | . . . . . . . . . . . . . . . . Machines | -11 -10 -10 -7 -5 -5 -5 -5 -4 -4 -4 -4 -4 -4 -3 -3 ---------- Run | Yrd Mat Sub Scr Fac Upp Upp Zhi Pro Fac Was Fac Ext Cet Res Tes Machines Disabled 23 | . 1 1 . 2 . . . . 1 . 6 4 1 5 2 Max in Single Turn 1 | . 1 1 . 1 . . . . 1 . 1 1 1 . 1 Garrison Access 5 | . . . . 2 . . . . 1 . . . . 1 1 Machines Repaired . | . . . . . . . . . . . . . . . . Machines Dismantled . | . . . . . . . . . . . . . . . . Machines Sabotaged . | . . . . . . . . . . . . . . . . Overloaded Fab Kills . | . . . . . . . . . . . . . . . . Hacking | -11 -10 -10 -7 -5 -5 -5 -5 -4 -4 -4 -4 -4 -4 -3 -3 --------- Run | Yrd Mat Sub Scr Fac Upp Upp Zhi Pro Fac Was Fac Ext Cet Res Tes Machines Accessed 80 | . 2 2 1 23 . 1 4 1 9 . 11 5 3 16 2 Terminals 43 | . 2 . . 10 . . . 1 5 . 5 5 3 11 1 Fabricators 6 | . . . . 3 . . . . 1 . 1 . . 1 . Repair Stations 2 | . . . . . . . . . . . 2 . . . . Recycling Units 13 | . . . . 7 . . . . 2 . 3 . . 1 . Scanalyzers 2 | . . . . 1 . . . . . . . . . 1 . Garrison Access 6 | . . . . 2 . . . . 1 . . . . 2 1 Total Hacks 222 | . 7 13 9 64 . 1 17 1 26 . 32 9 4 33 6 Successful 145 | . 3 13 9 34 . 1 17 1 16 . 23 6 3 18 1 Failed 76 | . 4 . . 29 . . . . 10 . 9 3 1 15 5 Catastrophic 11 | . 1 . . 2 . . . . 3 . 1 . . 4 . Database Lockouts 1 | . . . . 1 . . . . . . . . . . . Manual 102 | . 7 . . 37 . . . . 15 . 21 3 1 16 2 Terminals 126 | . 7 . . 38 . . . 1 18 . 23 9 4 24 2 Fabricators 16 | . . . . 8 . . . . 3 . 2 . . 3 . Repair Stations 4 | . . . . . . . . . . . 4 . . . . Recycling Units 16 | . . . . 10 . . . . 2 . 3 . . 1 . Scanalyzers 4 | . . . . 3 . . . . . . . . . 1 . Garrison Access 16 | . . . . 5 . . . . 3 . . . . 4 4 Terminal Hacks 76 | . . 13 9 11 . 1 17 1 4 . 8 4 3 5 . Record 29 | . . 12 9 . . . 5 1 . . . . 2 . . Part Schematic 6 | . . . . 1 . . 4 . . . 1 . . . . Robot Analysis 4 | . . . . . . . 4 . . . . . . . . Prototype ID Bank 4 | . . . . . . . 4 . . . . . . . . Open Door 4 | . . . . . . 1 . . . . . 2 1 . . Open DSF 1 | . . . . 1 . . . . . . . . . . . Level Access Points 1 | . . . . 1 . . . . . . . . . . . Branch Access Points 3 | . . . . 1 . . . . . . 1 . . 1 . Recycling Unit Index 1 | . . . . . . . . . . . 1 . . . . Alert Level 2 | . . . . . . . . . . . . 1 . 1 . Unreport Threat 1 | . . . . . . . . . . . . 1 . . . Locate Traps 4 | . . . . 2 . . . . . . . . . 2 . Security Status 1 | . . . . . . . . . 1 . . . . . . Recall Investigation 6 | . . . . 2 . . . . 1 . 3 . . . . Recall Extermination 1 | . . . . . . . . . . . . . . 1 . Recall Reinforcements 2 | . . . . 1 . . . . . . 1 . . . . Hauler Manifests 2 | . . . . 1 . . . . . . 1 . . . . Registered Prototypes 1 | . . . . 1 . . . . . . . . . . . Zone Layout 2 | . . . . . . . . . 2 . . . . . . Proto ID Catalog 1 | . . 1 . . . . . . . . . . . . . Fabricator Hacks 9 | . . . . 4 . . . . 2 . 2 . . 1 . Network Status 3 | . . . . 2 . . . . 1 . . . . . . Load Schematic 5 | . . . . 2 . . . . 1 . 1 . . 1 . Build 1 | . . . . . . . . . . . 1 . . . . Repair Station Hacks 4 | . . . . . . . . . . . 4 . . . . Scan Component 2 | . . . . . . . . . . . 2 . . . . Repair 2 | . . . . . . . . . . . 2 . . . . Recycling Unit Hacks . | . . . . . . . . . . . . . . . . Scanalyzer 2 | . . . . 2 . . . . . . . . . . . Retrieve Study 2 | . . . . 2 . . . . . . . . . . . Garrison Access Hacks 3 | . . . . 1 . . . . 1 . . . . 1 . Seal Access 3 | . . . . 1 . . . . 1 . . . . 1 . Unauthorized Hacks 51 | . 3 . . 16 . . . . 9 . 9 2 . 11 1 Terminals 36 | . 3 . . 9 . . . . 6 . 6 2 . 9 1 Track 1 | . . . . . . . . . 1 . . . . . . Assimilate 3 | . . . . . . . . . . . . . . 2 1 Botnet 21 | . 1 . . 5 . . . . 4 . 3 2 . 6 . Disrupt 1 | . . . . . . . . . . . . . . 1 . Operators 1 | . 1 . . . . . . . . . . . . . . Skim 9 | . 1 . . 4 . . . . 1 . 3 . . . . Fabricators 2 | . . . . . . . . . 1 . . . . 1 . Recompile 2 | . . . . . . . . . 1 . . . . 1 . Repair Stations . | . . . . . . . . . . . . . . . . Recycling Units 13 | . . . . 7 . . . . 2 . 3 . . 1 . Fedlink 13 | . . . . 7 . . . . 2 . 3 . . 1 . Scanalyzers . | . . . . . . . . . . . . . . . . Garrison Access . | . . . . . . . . . . . . . . . . Data Cores Recovered . | . . . . . . . . . . . . . . . . Used . | . . . . . . . . . . . . . . . . Hacking Detections 46 | . 2 . . 16 . . . . 7 . 5 2 . 13 1 Full Trace Events 13 | . 1 . . 3 . . . . 1 . 2 . . 5 1 Feedback Events 2 | . . . . . . . . . . . 1 . . 1 . Corruption 1 | . . . . . . . . . . . . . . 1 . Hackware Fried 1 | . . . . . . . . . . . 1 . . . . Feedback Blocked . | . . . . . . . . . . . . . . . . Robot Schematics Acquired . | . . . . . . . . . . . . . . . . Robots Built . | . . . . . . . . . . . . . . . . Authchips . | . . . . . . . . . . . . . . . . Time . | . . . . . . . . . . . . . . . . Total Robot Build Rating . | . . . . . . . . . . . . . . . . Part Schematics Acquired 6 | . . . . 1 . . 4 . . . 1 . . . . Parts Built 1 | . . . . . . . . . . . 1 . . . . Authchips 1 | . . . . . . . . . . . 1 . . . . Time 84 | . . . . . . . . . . . 84 . . . . Total Part Build Rating 6 | . . . . . . . . . . . 6 . . . . Part Studies Acquired 2 | . . . . 2 . . . . . . . . . . . Parts Repaired 2 | . . . . . . . . . . . 2 . . . . Time 81 | . . . . . . . . . . . 81 . . . . Parts Recycled . | . . . . . . . . . . . . . . . . Recycled Matter . | . . . . . . . . . . . . . . . . Retrieved Matter . | . . . . . . . . . . . . . . . . Retrieved Components . | . . . . . . . . . . . . . . . . Parts Scanalyzed . | . . . . . . . . . . . . . . . . Part Schematics Acquired . | . . . . . . . . . . . . . . . . Parts Damaged . | . . . . . . . . . . . . . . . . Bothacking | -11 -10 -10 -7 -5 -5 -5 -5 -4 -4 -4 -4 -4 -4 -3 -3 ------------ Run | Yrd Mat Sub Scr Fac Upp Upp Zhi Pro Fac Was Fac Ext Cet Res Tes Used RIF Installer . | . . . . . . . . . . . . . . . . Robots Hacked . | . . . . . . . . . . . . . . . . Non-combat . | . . . . . . . . . . . . . . . . Combat . | . . . . . . . . . . . . . . . . Robot Hacks Applied . | . . . . . . . . . . . . . . . . Relay Couplers Released 4 | . . . . 1 . . . . . . . . . . 3 Machine Destruction 4 | . . . . 1 . . . . . . . . . . 3 Fabnet Peak Effective % . | . . . . . . . . . . . . . . . . Robots Rewired 7 | . . . . . . . . . . . . 7 . . . Allies Hacked . | . . . . . . . . . . . . . . . . Hacks Repelled . | . . . . . . . . . . . . . . . . Allies | -11 -10 -10 -7 -5 -5 -5 -5 -4 -4 -4 -4 -4 -4 -3 -3 -------- Run | Yrd Mat Sub Scr Fac Upp Upp Zhi Pro Fac Was Fac Ext Cet Res Tes Total Allies 59 | . . 8 . . . 9 . 6 5 . 10 9 5 6 1 Largest Group 9 | . . 5 3 3 . 4 3 4 3 . 4 8 6 9 1 Highest-Rated Group 804 | . . 96 57 57 . 316 191 324 243 . 324 461 623 804 45 Highest-Rated Ally 159 | . . 20 19 19 . 81 81 81 81 . 81 159 159 96 45 Initial UFD Resources 96 | . . . . 37 61 61 61 63 63 77 77 83 83 86 96 Total Orders 2 | . . . . . . . . . . . . . 2 . . STAY 1 | . . . . . . . . . . . . . 1 . . FOLLOW 1 | . . . . . . . . . . . . . 1 . . Ally Attacks 469 | . . 33 . 24 . 35 . 87 24 . 44 74 31 117 . Total Damage 15429 | . . 511 . 285 . 1051 . 1940 1437 . 3016 2021 736 4432 . Kills 82 | . . 5 . . . 7 . 9 13 . 12 14 3 19 . Allies Corrupted 1 | . . . . . . . . . . . . 1 . . . Allies Melted 1 | . . . . . . . . . . . . . . 1 . Intel | -11 -10 -10 -7 -5 -5 -5 -5 -4 -4 -4 -4 -4 -4 -3 -3 ------- Run | Yrd Mat Sub Scr Fac Upp Upp Zhi Pro Fac Was Fac Ext Cet Res Tes Active Infowar (turns) 10595 | 96 805 1562 1607 918 321 346 121 1586 405 69 632 640 562 765 160 Optics 925 | . . . . . . . . . . . . . . 765 160 Sensors 6479 | . . . . 917 321 346 121 1586 405 69 632 640 562 752 128 Structural 2343 | . . . 1607 736 . . . . . . . . . . . Seismic 3160 | 96 805 1562 . 188 5 . . . 7 . . 497 . . . Machine Analysis 1314 | . . . . 674 321 319 . . . . . . . . . Jamming 2561 | . . . . 335 . . 14 . 246 14 632 574 . 648 98 Robot Analysis Total 4 | . . . . . . . 4 . . . . . . . . Derelict Logs Recovered 12 | . . 2 5 . 2 1 . 2 . . . . . . . Drone Launches . | . . . . . . . . . . . . . . . . Drone Recoveries . | . . . . . . . . . . . . . . . . Exploration | -11 -10 -10 -7 -5 -5 -5 -5 -4 -4 -4 -4 -4 -4 -3 -3 ------------- Run | Yrd Mat Sub Scr Fac Upp Upp Zhi Pro Fac Was Fac Ext Cet Res Tes Turns Passed 13806 | 171 805 3436 2821 925 321 346 121 1586 405 110 632 640 562 765 160 Spaces Moved 12601 | 70 357 1728 1906 1235 610 573 198 1317 771 172 1077 790 299 1272 226 Core 16 | 12 4 . . . . . . . . . . . . . . Treads 2982 | 58 353 1656 915 . . . . . . . . . . . . Legs 1063 | . . 72 991 . . . . . . . . . . . . Wheels . | . . . . . . . . . . . . . . . . Hover 8540 | . . . . 1235 610 573 198 1317 771 172 1077 790 299 1272 226 Flight . | . . . . . . . . . . . . . . . . Fastest Speed 23 | 50 160 130 130 41 46 44 44 44 23 36 33 33 38 26 35 Average Speed 76 | 141 163 158 145 45 46 44 44 44 36 36 35 36 41 38 37 Slowest Speed 450 | 160 450 160 250 52 48 46 44 44 42 36 38 38 46 106 50 Overloaded Moves 69 | . . . . 42 . . . . 21 . . . . 6 . Propulsion Burnouts . | . . . . . . . . . . . . . . . . Robots Hopped . | . . . . . . . . . . . . . . . . Potential Cave-ins . | . . . . . . . . . . . . . . . . Cave-ins Triggered . | . . . . . . . . . . . . . . . . Teleports 1 | . . . . . . . . . . . . . . . 1 Exploration Rate (%) 59 | 4 85 76 84 41 80 65 60 97 20 75 26 89 65 45 36 Regions Visited 15 Branch Regions 9 Pre-discovered Areas 7 | . . 1 2 1 . . 3 . . . . . . . . Known Exits Taken 9 | . . . . 1 1 1 1 1 . . 1 1 1 1 . Unknown Exits Taken 4 | 1 1 1 1 . . . . . . . . . . . . Scrap Searched 28 | . . 10 10 . 2 2 . 4 . . . . . . . Spaces Dug 78 | . . . . 19 5 3 . 6 5 . 7 1 . 30 2 Terrain Destroyed 158 | . 12 39 . 33 5 3 . 6 5 . 7 12 3 31 2 Melee 76 | . . . . 19 5 3 . 6 5 . 7 1 . 28 2 Projectile 20 | . . 3 . . . . . . . . . 11 3 3 . AOE 62 | . 12 36 . 14 . . . . . . . . . . . Terrain Rammed . | . . . . . . . . . . . . . . . . Walls Destroyed . | . . . . . . . . . . . . . . . . Machines Disabled . | . . . . . . . . . . . . . . . . Actions | -11 -10 -10 -7 -5 -5 -5 -5 -4 -4 -4 -4 -4 -4 -3 -3 --------- Run | Yrd Mat Sub Scr Fac Upp Upp Zhi Pro Fac Was Fac Ext Cet Res Tes Total 16119 | 110 538 2306 1963 1543 638 653 231 2264 865 219 1298 1069 665 1471 286 Wait 2593 | . 128 422 4 218 17 54 11 899 41 43 176 159 279 110 32 Move 12587 | 69 356 1727 1905 1234 609 572 197 1316 771 171 1076 789 298 1271 226 Hop . | . . . . . . . . . . . . . . . . Pick Up 136 | 14 12 20 23 16 1 7 3 1 10 3 6 8 1 7 4 Fast Attach 44 | . 1 6 . 4 . 1 8 1 4 . 3 . 3 8 5 Attach 67 | 7 6 2 6 15 1 1 . . 7 2 4 5 1 9 1 Detach 4 | . . . . 1 . . . . . . . 1 1 1 . Swap 83 | . 4 16 3 9 3 5 2 8 8 . 7 6 . 8 4 Drop 131 | . 3 29 22 14 1 7 10 5 8 . 9 5 3 10 5 Fire 288 | 20 26 83 . 2 . . . 1 . . . 60 79 13 4 Melee 154 | . . . . 30 6 6 . 33 16 . 17 7 . 34 5 Ram . | . . . . . . . . . . . . . . . . Kick . | . . . . . . . . . . . . . . . . Crush 2 | . 2 . . . . . . . . . . . . . . Escape Stasis . | . . . . . . . . . . . . . . . . Rewire 30 | . . 1 . . . . . . . . . 29 . . . Trap . | . . . . . . . . . . . . . . . . Miscellaneous . | . . . . . . . . . . . . . . . . Route ------- -11/Scrapyard -10/Materials (discovered 6 exits: [*Mat x3] / [*Min x2] / *Sub) -10/Subcaves (discovered 2 exits: [*Mat] / *Scr) -7/Scraptown (discovered 2 exits: *Fac x2) -5/Factory (discovered 6 exits: Fac x4 / *Upp x2) -5/Upper Caves -5/Upper Caves -5/Zhirov -4/Proximity Caves -4/Factory (discovered 2 exits: *Res x2) -4/Waste -4/Factory (discovered 6 exits: *Res / *Upp x2 / *Ext x2 / Arm) -4/Extension (discovered 2 exits: *Res / *Cet) -4/Cetus -3/Research (discovered 4 exits: *Res x2 / *Tes x2) -3/Testing (discovered 1 exit: *Res) History --------- Turn | Location | Event 11 | -11/Scrapyard | Discovered new exit (range 14) 172 | -11/Scrapyard | Entered Materials 321 | -10/Materials | Build established: Mutant 348 | -10/Materials | Discovered new exit (range 15) 424 | -10/Materials | Discovered new exit (range 10) 475 | -10/Materials | Discovered new exit (range 6) 745 | -10/Materials | Discovered new exit (range 7) 892 | -10/Materials | Discovered new exit (range 14) 969 | -10/Materials | Discovered new exit (range 6) 977 | -10/Materials | Entered Subcaves 978 | -10/Subcaves | Approached by a straggling Scientist 1015 | -10/Subcaves | Learned location of Zion (-6) 1015 | -10/Subcaves | Met a Zionite searching for "candidates" 1271 | -10/Subcaves | Scientist uncovered a shortcut to Scraptown 1319 | -10/Subcaves | Discovered new exit (range 8) 1445 | -10/Subcaves | A swath of the cavern ceiling suddenly collapsed 1519 | -10/Subcaves | Visited Clippyterm 1524 | -10/Subcaves | Learned Factory fabricator intel 2017 | -10/Subcaves | Shifting Twisted Machinery released Flamer 2120 | -10/Subcaves | Shifting Twisted Machinery released Sub. Monowheel 2529 | -10/Subcaves | Visited triangular shrine 2540 | -10/Subcaves | Found Prototype Device 2540 | -10/Subcaves | Identified V3-11A's Pendant 2545 | -10/Subcaves | Befriended Subdweller 2580 | -10/Subcaves | Learned Materials terminal intel 2805 | -10/Subcaves | Befriended Subdweller 2840 | -10/Subcaves | Befriended Subdweller 2916 | -10/Subcaves | Shifting Twisted Machinery released Sub. Laser 2921 | -10/Subcaves | Shifting Twisted Machinery released Sub. Beam Cannon 2935 | -10/Subcaves | A swath of the cavern ceiling suddenly collapsed 3250 | -10/Subcaves | Ambushed by Subdweller buried in earth 3255 | -10/Subcaves | Befriended Subdweller 3732 | -10/Subcaves | Visited 4L-MR0's lab 3749 | -10/Subcaves | Found Powered Cannon 3925 | -10/Subcaves | Disturbed a concealed Subdweller 3925 | -10/Subcaves | Befriended Subdweller 4089 | -10/Subcaves | Core integrity fell below 50% 4141 | -10/Subcaves | Learned location of 2 exits from Materials 4253 | -10/Subcaves | A Subdweller sparked back to life 4253 | -10/Subcaves | A Subdweller sparked back to life 4253 | -10/Subcaves | A Subdweller sparked back to life 4255 | -10/Subcaves | Befriended Subdweller 4255 | -10/Subcaves | Befriended Subdweller 4255 | -10/Subcaves | Befriended Subdweller 4303 | -10/Subcaves | Found Cargo Legs 4305 | -10/Subcaves | Attached Cargo Legs, gained temporary slots: Utility x2 4413 | -10/Subcaves | Entered Scraptown 4413 | -7/Scraptown | Accompanied by 3 allies 4609 | -7/Scraptown | Delivered V3-11A's Pendant to T0-NE2 in exchange for information 4655 | -7/Scraptown | Heard Great Nut preacher, LISTEN AND RECITE! 4670 | -7/Scraptown | Visited Bundlers 4739 | -7/Scraptown | Visited Assassins FH 4765 | -7/Scraptown | Visited Spacefarers 4802 | -7/Scraptown | Scanned Subdweller tech in exchange for log data 4804 | -7/Scraptown | Learned location of Armory (-4) 4805 | -7/Scraptown | Learned 8 Factory zone layouts 4807 | -7/Scraptown | Learned location of Quarantine (-2) 4808 | -7/Scraptown | Learned Factory emergency access door positions 4809 | -7/Scraptown | Learned 8 Research zone layouts 4822 | -7/Scraptown | Discovered new exit (range 11) 5075 | -7/Scraptown | Visited Cyclists 5095 | -7/Scraptown | Visited UFD Registry 5095 | -7/Scraptown | Registered with UFD as "Ionroller" 5124 | -7/Scraptown | Visited LU-1G1's Boring Crew 5142 | -7/Scraptown | Visited Infowarlord's Domain 5166 | -7/Scraptown | Visited Scrapoid Research Area 5229 | -7/Scraptown | Visited Science Testing Area 5251 | -7/Scraptown | Visited DA-N13 Charitable Foundation 5263 | -7/Scraptown | Found DCF Scrap (31 items) 5292 | -7/Scraptown | Visited Modified Component R&D 5375 | -7/Scraptown | Visited Scrap Suit Storage 5400 | -7/Scraptown | Visited Derelict Rescue Squad 5435 | -7/Scraptown | Visited Research Penetration Think Tank 5480 | -7/Scraptown | Found DRS Beacon 5628 | -7/Scraptown | Found Exp. Terrain Scan Processor 5877 | -7/Scraptown | Build established: Derelict-Mutant 6188 | -7/Scraptown | Visited Cave Peace 6869 | -7/Scraptown | Guru changed UFD alias to "Gausshacker" 7137 | -7/Scraptown | Met Optimus 7137 | -7/Scraptown | Accepted into 0bPrime 7226 | -7/Scraptown | Discovered new exit (range 5) 7234 | -7/Scraptown | Entered Factory 7234 | -5/Factory | Accompanied by 3 allies 7234 | -5/Factory | Evolved 10 slots: Propulsion x3, Utility x7 7235 | -5/Factory | Identified exit to Upper Caves 7237 | -5/Factory | Loaded intel: 6 fabricator locations 7570 | -5/Factory | Identified exit to Factory 7837 | -5/Factory | Loaded intel: 8 recycling unit locations 7851 | -5/Factory | Build established: Hacker-Ninja 7872 | -5/Factory | Learned location of Protoforge (-2) 8004 | -5/Factory | Central database locked down 8159 | -5/Factory | Entered Upper Caves 8229 | -5/Upper Caves | Learned 4 Factory zone layouts 8396 | -5/Upper Caves | Learned Factory stockpile data 8468 | -5/Upper Caves | Discovered new exit (range 16) 8474 | -5/Upper Caves | Identified exit to Upper Caves 8480 | -5/Upper Caves | Entered another Upper Caves area 8547 | -5/Upper Caves | Spotted B-75 Beast 8566 | -5/Upper Caves | Prototype Device suddenly appears! 8571 | -5/Upper Caves | Found Prototype Device 8574 | -5/Upper Caves | Identified Amulet of Y3-NDR 8610 | -5/Upper Caves | Joined by bewildered Wizard 8610 | -5/Upper Caves | Joined by bewildered Wizard 8621 | -5/Upper Caves | Joined by bewildered Wizard 8622 | -5/Upper Caves | Joined by bewildered Wizard 8624 | -5/Upper Caves | Joined by bewildered Wizard 8625 | -5/Upper Caves | Allies destroyed B-75 Beast 8706 | -5/Upper Caves | Joined by bewildered Wizard 8707 | -5/Upper Caves | Joined by bewildered Wizard 8708 | -5/Upper Caves | Joined by bewildered Wizard 8732 | -5/Upper Caves | Learned Factory security intel 8812 | -5/Upper Caves | Discovered new exit (range 13) 8825 | -5/Upper Caves | Identified exit to Zhirov 8826 | -5/Upper Caves | Entered Zhirov 8826 | -5/Zhirov | Accompanied by 3 allies 8826 | -5/Zhirov | Discovered new exit (range 3) 8834 | -5/Zhirov | Met Zhirov 8845 | -5/Zhirov | Found Alien Artifact 8845 | -5/Zhirov | Identified Integrated Reactor 8845 | -5/Zhirov | Installed Integrated Reactor, increased core energy generation (+10) 8886 | -5/Zhirov | Found Alien Artifact 8912 | -5/Zhirov | Learned location of Testing (-3) 8912 | -5/Zhirov | Learned location of Command (-1) 8915 | -5/Zhirov | Zhirov requested help retrieving the SGEMP Prototype 8927 | -5/Zhirov | Identified exit to Proximity Caves 8947 | -5/Zhirov | Entered Proximity Caves 8947 | -4/Proximity Caves | Accompanied by 3 allies 8948 | -4/Proximity Caves | Learned 12 Research zone layouts 8987 | -4/Proximity Caves | Spotted B-86 Titan 9023 | -4/Proximity Caves | Learned Research interactive machine intel 9096 | -4/Proximity Caves | Build established: Hacker-Mutant 9140 | -4/Proximity Caves | Joined by bewildered Wizard 9142 | -4/Proximity Caves | Joined by bewildered Wizard 9143 | -4/Proximity Caves | Joined by bewildered Wizard 9157 | -4/Proximity Caves | Joined by bewildered Wizard 9253 | -4/Proximity Caves | Lost 3 allies 9265 | -4/Proximity Caves | Joined by bewildered Wizard 9266 | -4/Proximity Caves | Joined by bewildered Wizard 9538 | -4/Proximity Caves | Received a Behemoth hack from an annoying Tinkerer 10498 | -4/Proximity Caves | Discovered exit to Factory (range 8) 10533 | -4/Proximity Caves | Entered Factory 10533 | -4/Factory | Evolved 2 slots: Power x1, Propulsion x1 10534 | -4/Factory | Identified exit to Research 10538 | -4/Factory | Lost 3 allies 10603 | -4/Factory | Loaded intel: 8 recycling unit locations 10668 | -4/Factory | Joined by bewildered Wizard 10668 | -4/Factory | Joined by bewildered Wizard 10668 | -4/Factory | Joined by bewildered Wizard 10741 | -4/Factory | Spotted B-86 Titan 10876 | -4/Factory | Discovered exit to Research (range 5) 10927 | -4/Factory | Lost 3 parts (1n2u) 10931 | -4/Factory | Joined by bewildered Wizard 10931 | -4/Factory | Joined by bewildered Wizard 10938 | -4/Factory | Sucked down chute 10938 | -4/Factory | Entered Waste 10948 | -4/Waste | Spotted C-40 Crusher 10948 | -4/Waste | Spotted C-40 Crusher 11005 | -4/Waste | Spotted C-40 Crusher 11006 | -4/Waste | Spotted C-40 Crusher 11013 | -4/Waste | Spotted C-40 Crusher 11033 | -4/Waste | Spotted C-40 Crusher 11035 | -4/Waste | Discovered new exit (range 16) 11048 | -4/Waste | Identified exit to Factory 11048 | -4/Waste | Entered Factory 11097 | -4/Factory | Repaired Cmb. Linear Gravjet 11167 | -4/Factory | Repaired Powered Hammer 11178 | -4/Factory | Joined by bewildered Wizard 11178 | -4/Factory | Joined by bewildered Wizard 11185 | -4/Factory | Joined by bewildered Wizard 11186 | -4/Factory | Joined by bewildered Wizard 11219 | -4/Factory | Discovered new exit (range 6) 11224 | -4/Factory | Identified exit to Upper Caves 11233 | -4/Factory | Found Quantum Capacitor 11289 | -4/Factory | Discovered exit to Upper Caves (range 14) 11296 | -4/Factory | Joined by bewildered Wizard 11329 | -4/Factory | Discovered exit to Research (range 15) 11358 | -4/Factory | Joined by bewildered Wizard 11394 | -4/Factory | Loaded intel: 8 recycling unit locations 11406 | -4/Factory | Adv. Hacking Suite fried by hacking feedback 11503 | -4/Factory | Spotted B-86 Titan 11512 | -4/Factory | Identified exit to Extension 11512 | -4/Factory | Identified exit to Armory 11599 | -4/Factory | Joined by bewildered Wizard 11601 | -4/Factory | Joined by bewildered Wizard 11667 | -4/Factory | Fabricated Tri-rail Accelerator (x1) 11680 | -4/Factory | Entered Extension 11710 | -4/Extension | Rescued A7 12008 | -4/Extension | Spotted B-86 Titan 12020 | -4/Extension | Allies destroyed B-86 Titan 12050 | -4/Extension | Spotted B-86 Titan 12074 | -4/Extension | Allies destroyed B-86 Titan 12120 | -4/Extension | Rescued a captive Derelict 12233 | -4/Extension | Watched by a mysterious "MATRIX" hacker 12241 | -4/Extension | Discovered exit to Research (range 10) 12242 | -4/Extension | Discovered new exit (range 6) 12246 | -4/Extension | Lost 3 allies 12258 | -4/Extension | Identified exit to Cetus 12320 | -4/Extension | Entered Cetus 12320 | -4/Cetus | Accompanied by 5 allies (A7) 12325 | -4/Cetus | Acquired a Cetus Manufacturing Module code from A7 12346 | -4/Cetus | Spotted Cetus Guard 12346 | -4/Cetus | Spotted Cetus Guard 12352 | -4/Cetus | Spotted Cetus Guard 12352 | -4/Cetus | Spotted Cetus Guard 12354 | -4/Cetus | Destroyed Cetus Guard 12361 | -4/Cetus | Allies destroyed Cetus Guard 12377 | -4/Cetus | Allies destroyed Cetus Guard 12382 | -4/Cetus | Allies destroyed Cetus Guard 12409 | -4/Cetus | Lost 4 allies 12437 | -4/Cetus | Escorted A7 to Cetus Mainframe 12461 | -4/Cetus | Started Cetus Manufacturing Module 12486 | -4/Cetus | Manufactured an Enhanced Grunt 12511 | -4/Cetus | Manufactured an Enhanced Grunt 12536 | -4/Cetus | Manufactured an Enhanced Grunt 12561 | -4/Cetus | Manufactured an Enhanced Grunt 12586 | -4/Cetus | Manufactured an Enhanced Grunt 12615 | -4/Cetus | Discovered exit to Research (range 15) 12824 | -4/Cetus | Murdered A7 12826 | -4/Cetus | Extracted ID and sensor layout for unrecognized location from A7's data core 12882 | -4/Cetus | Entered Research 12882 | -3/Research | Accompanied by 5 allies 12882 | -3/Research | Evolved 2 slots: Utility x2 12883 | -3/Research | Identified exit to Research 12883 | -3/Research | Identified exit to Testing 12884 | -3/Research | Loaded intel: 46 interactive machine locations 12976 | -3/Research | Spotted B-86 Titan 13001 | -3/Research | Joined by bewildered Wizard 13009 | -3/Research | Joined by bewildered Wizard 13010 | -3/Research | Joined by bewildered Wizard 13010 | -3/Research | Joined by bewildered Wizard 13045 | -3/Research | Lost 3 allies 13071 | -3/Research | Discovered exit to Research (range 17) 13315 | -3/Research | System corruption reached 10% 13327 | -3/Research | Build established: Hacker-Ninja 13538 | -3/Research | Spotted B-86 Titan 13594 | -3/Research | Loaded intel: 5 recycling unit locations 13647 | -3/Research | Entered Testing 13659 | -3/Testing | Found Prototype Launcher 13660 | -3/Testing | Identified Z-bomb Delivery System 13700 | -3/Testing | Found Prototype Hackware 13700 | -3/Testing | Identified Exp. System Shield 13711 | -3/Testing | Found Prototype Device 13711 | -3/Testing | Identified Exp. Thermal Shield 13753 | -3/Testing | Discovered exit to Research (range 21) 13768 | -3/Testing | Identified Transdimensional Reconstructor 13768 | -3/Testing | Warped through subspace 13807 | -3/Testing | Self-destructed Last Messages --------------- 13782_ Acquired Imp. Linear Gravjet. 13784_ Dropped Cld. Gravmag System. 13784_ Slug penetrates Wall. 13784_ Acquired Adv. Sensor Array. 13785_ K-01 Serf cleans the Magnetic Photon System. 13786_ Slug penetrates Wall. 13786_ Slug penetrates Magnetic Photon System. 13786_ Slug penetrates Wall. 13789_ L-61 Swordsman suffers critical hit (Destroy). 13791_ K-01 Serf collects debris. 13794_ HV Slug penetrates Wall. 13798_ K-01 Serf cleans the Magnetic Photon System. 13800_ System corrupted: Imp. Gyrokinetic Inverter rejected. 13802_ Penetrated by Slug. 13803_ R-10 Processor collects Cesium-ion Thruster. 13803_ K-01 Serf cleans the Magnetic Photon System. 13803_ C-45 Heavy ARC bursts open, deploying its payload. 13803_ B-74 Champion unfolds itself. 13803_ L-61 Swordsman unfolds itself. 13806_ R-10 Processor collects Propulsion Shielding. Map ----- +----------------------------------------------------+ | #????# ## ??????????????????????????? | | ##"########????# ##/#######???????????????????? | | ?## #??????# # #???????????????????? | | ??#""" /#??????# #] """ #???????????????????? | | ??#""" ######## # """ #???????????????????? | | ??#""" # % + """ #???????????????????? | | ??#""" + # #???????????????????? | | ??#""" # """"" [! # #???????????????????? | | ??#""" # ""T"" [!!# #???????????????????? | | ??#""" # [!%# ""T"" #???????????????????? | | ??# =# # """"" ##??????????????????? | | ?####+### """ ###############??????????????? | | ?+ """ #??????????????? | | ?# """ #??????????????? | | ?# = !! " #??????????????? | | ?# "% #??????????????? | | ?####+####+############/###### #??????????????? | | ???# !%!= !#??# gk =## #???##????###### | | ???# """ """ #??# h"""R ## #???? ???? | | ???# """ """ #??#g"""""= ## #???# ???" | | ???# """ """ #??#=""""" ## #???# ??" " | | ???# #??# """"" ## #???# """ " | | ???# """ #??# """"" ## #???# " | | ???# """ #??# """"" ## #???# """""" | | ???# """ #??# """g *## #???# """""" | | ???# "" #??# @ ## #???# " | | ???# S"" = #??########### #???# """ " | | ???# "" [ #????????????# #??????????" " | | ???# #????????????# #???# """ | | ???#####"T"######????????????# #???# | | ???????#"""#?????????????????# #???#########+## | | ???????#####?????????# ##### ########### | | ????????????????# | | ????????????????# ############ | | ????????????????# ##########+####??????????# | | ????????????????????????????????????????????####+# | | ?????????????????????????????????????????????????? | | ?????????????????????????????????????????????????? | | ?????????????????????????????????????????????????? | | ?????????????????????????????????????????????????? | | ?????????????????????????????????????????????????? | | ?????????????????????????????????????????????????? | | ?????????????????????????????????????????????????? | | ?????????????????????????????????????????????????? | | ?????????????????????????????????????????????????? | | ?????????????????????????????????????????????????? | | ?????????????????????????????????????????????????? | | ?????????????????????????????????????????????????? | | ?????????????????????????????????????????????????? | | ?????????????????????????????????????????????????? | +----------------------------------------------------+ Best States ------------- Heat Dissipation 72 Energy Generation 49 Energy Capacity 395 Matter Stores 300 Matter Capacity 300 Sight Range 22 Robot Scan Range 16 Terrain Scan Density 10 Jamming Range 14 Armor Coverage 225 Propulsion Shielding 66 Phase Shifting 15 Evasion (%) 72 Recoil Reduction 2 Energy Filtering 30 Offensive Hacking 42 Defensive Hacking 16 Authchip Count 1 Item Schematics ----------------- Quantum Rifle | -5/Factory | Hacked Assault Drone Bay | -5/Zhirov | Free Exp. Heat Sink | -5/Zhirov | Free Exp. Optical Array | -5/Zhirov | Free Imp. Arc Thrower | -5/Zhirov | Free Tri-rail Accelerator | -4/Factory | Hacked Robot Schematics ------------------ None Fabricated ------------ Tri-rail Accelerator | x1 | -4/Factory | Authchip Repaired ---------- Cmb. Linear Gravjet | 13% | -4/Factory Powered Hammer | 3% | -4/Factory Studied --------- Cmb. Gravmag System | -5/Factory | Hacked Mic. Nuclear Core | -5/Factory | Hacked Alien Tech Used ----------------- Integrated Reactor Transdimensional Reconstructor Achievements -------------- We Love MA Challenges ------------ None Game ------ Seed MiningServoSpecial Manual? 0 Play Time 02:34:15 Cumulative 218.3 hours Start 2026.07.22 @ 15:22:24 End 2026.07.23 @ 18:59:27 Sessions 9 Manual Loads 0 Difficulty Rogue Special Mode None Game No. 300 Rogue 300 Adventurer 0 Explorer 0 Win Type - Total 3 Types 2/0/0/1/0/0/0/0/0/0 Lore% 74 Gallery% 70 Achievement% 57 Wizard Run 0 Options --------- Layout 0 ASCII 0 Keyboard 0 Movement Mouse Keybinds 0 Fullscreen 1 Font 20/SmallcapsGlow Map View 66x50 Zoom Use 0% Tactical HUD 1 Map Filters NONE Filters NONE Steam 1 RUN: f1e84cdf-c3b1-4e9c-b5b6-72f94640081a